Map: Tête de pont EC (Void)

Players

AgCl

  • Race: Protoss Protoss
  • League: Silver

Opaca - Winner!

  • Race: Protoss Protoss
  • League: Bronze

VOD

Have the link to the VOD?

Description

Time

  • Played on: July 17, 2015, 4:58 p.m.
  • Length: 5:42
Show
View Real Time Build Order
Export as new Build Order

AgCl Protoss 

Build Orders: Oracle Opening 

Get SALT Encoding   

  12  0:15  Pylon  
  12  0:17  Probe  
  13  0:29  Probe  
  14  0:39  Gateway  
  14  0:41  Probe  
  15  0:54  Probe  
  16  1:01  Assimilator  
  16  1:03  Assimilator  
  16  1:06  Probe (Chrono Boost)  
  17  1:18  Probe (Chrono Boost)  
  18  1:27  Probe (Chrono Boost)  
  18  1:29  Zealot (Chrono Boost)  
  18  1:30  Cybernetics Core  
  21  1:35  Probe  
  22  1:52  Pylon  
  22  2:10  Probe (Chrono Boost)  
  23  2:22  Probe (Chrono Boost)  
  24  2:26  Stargate  
  24  2:28  Probe (Chrono Boost)  
  25  2:32  Nexus  
  25  2:40  Probe  
  26  2:52  Probe (Chrono Boost)  
  27  3:04  Mothership Core (Chrono Boost)  
  27  3:10  Oracle (Chrono Boost), Warp Gate (Chrono Boost)  
  30  3:26  Pylon  
  30  3:33  Assimilator  
  30  3:40  Robotics Facility  
  30  3:44  Probe x2  
  32  3:58  Probe  
  32  3:59  Probe  
  34  4:03  Nexus  
  34  4:10  Probe  
  34  4:11  Probe  
  36  4:21  Void Ray (Chrono Boost)  
  40  4:30  Probe  
  40  4:39  Immortal (Chrono Boost)  
  41  5:11  Robotics Facility  
  45  5:26  Pylon  
  49  5:32  Pylon  
  49  5:33  Gateway  
Show
View Real Time Build Order
Export as new Build Order

Opaca Protoss - Winner!

Build Orders:  

Get SALT Encoding   

  12  0:01  Probe  
  13  0:13  Probe  
  14  0:25  Pylon  
  14  0:26  Assimilator  
  14  0:43  Probe (Chrono Boost)  
  14  0:44  Gateway  
  15  0:55  Probe (Chrono Boost)  
  16  1:02  Probe (Chrono Boost)  
  18  1:12  Probe (Chrono Boost)  
  19  1:19  Probe (Chrono Boost)  
  19  1:25  Pylon  
  19  1:33  Probe  
  19  1:36  Cybernetics Core  
  19  1:38  Pylon  
  19  1:50  Assimilator  
  19  1:55  Probe (Chrono Boost)  
  20  2:05  Probe (Chrono Boost)  
  21  2:12  Warp Gate (Chrono Boost)  
  21  2:15  Probe  
  22  2:27  Probe  
  23  2:37  Stalker  
  19  3:00  Probe (Chrono Boost)  
  20  3:06  Gateway  
  20  3:08  Gateway  
  20  3:09  Gateway  
  20  3:10  Probe (Chrono Boost), Pylon  
  21  3:18  Probe  
  22  3:30  Probe  
  23  3:42  Probe  
  24  3:48  Pylon  
  24  4:04  Stalker x3  
  24  4:07  Stalker  
  32  4:25  Stalker  
  32  4:26  Stalker  
  32  4:29  Stalker  
  38  4:38  Stalker  
  40  4:49  Stalker  
  40  4:50  Sentry  
  42  5:07  Stalker x2  
  42  5:13  Pylon  
  42  5:22  Stalker  
  44  5:31  Stalker  
Tags
 
Add a new tag
Caveats
  • Supply blocks, unpowered buildings, or Contaminate may cause inaccurate times.
  • Supply counts are checked every 10 seconds.